 Dungeon Crawl Stone Soup version 0.25-a0-35-g747a2b3c0c (webtiles) character file.

Game seed: 13484863298540041882, levelgen mode: deterministic

95 Arixos the Skirmisher (level 4, 35/36 HPs)
             Began as a Demonspawn Fighter on Oct 18, 2019.
             Quit the game on level 3 of the Dungeon.
             The game lasted 00:05:21 (2001 turns).

Arixos the Skirmisher (Demonspawn Fighter)          Turns: 2001, Time: 00:05:22

Health: 35/36      AC:  6    Str: 17    XL:     4   Next: 40%
Magic:  4/4        EV:  6    Int: 10    God:
Gold:   78         SH:  8    Dex: 14    Spells: 3/3 levels left

rFire    . . .     SeeInvis .   a - +0 war axe
rCold    . . .     Gourm    .   c - +0 shield
rNeg     . . .     Faith    .   b - +0 scale mail
rPois    .         Spirit   .   (helmet restricted)
rElec    .         Reflect  .   (no cloak)
rCorr    .         Harm     .   (no gloves)
MR       .....                  (no boots)
Stlth    +.........             (no amulet)
HPRegen  0.12/turn              (no ring)
MPRegen  0.09/turn              (no ring)

@: heavily drained
A: antennae 1, thin skeletal structure 1
a: no special abilities


You were on level 3 of the Dungeon.
You were not hungry.

You visited 1 branch of the dungeon, and saw 3 of its levels.

You collected 78 gold pieces.

Inventory:

Hand Weapons
 a - a +0 war axe (weapon)
Missiles
 g - 20 poisoned darts (quivered)
Armour
 b - a +0 scale mail (worn)
 c - a +0 shield (worn)
Scrolls
 e - a scroll of remove curse {unknown}
 j - a scroll of amnesia {unknown}
 k - 2 scrolls of identify {unknown}
 l - a scroll of enchant armour {unknown}
 r - a scroll of immolation {unknown}
 s - a scroll of teleportation {unknown}
Potions
 d - a potion of might
 h - 2 potions of curing {unknown}
 i - 2 potions of heal wounds {unknown}
 m - a potion of mutation {unknown}
 n - a potion of invisibility {unknown}
 o - a potion of agility {unknown}
 p - a potion of degeneration {unknown}
Comestibles
 f - 7 rations
 q - a chunk of flesh


   Skills:
 + Level 3.6(2.2) Fighting
 + Level 2.2(0.9) Axes
 + Level 3.2(1.8) Armour
 + Level 1.4(0.0) Dodging
 + Level 3.2(1.8) Shields


You had 3 spell levels left.
You didn't know any spells.
Your spell library was empty.

Dungeon Overview and Level Annotations

Branches:
Dungeon (3/15)

Altars:


Innate Abilities, Weirdness & Mutations

You have a pair of small antennae on your head.
You have a somewhat thin skeletal structure. (Dex +2, Stealth)


Message History

A hobgoblin comes into view. It is wielding a +0 club.
There is an open door here.
You block the rat's attack.
You closely miss the rat. The rat bites you but does no damage.
You closely miss the rat. The rat closely misses you.
The rat barely misses you.
You closely miss the rat. The rat bites you but does no damage.
You block the hobgoblin's attack. The rat completely misses you.
You closely miss the hobgoblin. You hit the rat.
You kill the rat!
The hobgoblin hits you with a +0 club.
Your shield and scale mail prevent you from hitting the hobgoblin.
The hobgoblin hits you but does no damage.
You slash the hobgoblin!
You kill the hobgoblin!
No target in view!
No target in view!
Quiver which item? (- for none, * to show all) (? for menu, Esc to quit)
Okay, then.
Are you sure you want to abandon this character and quit the game? (Confirm with "yes".)

..# ..# .#.##.# ..#..
#.#.##.# ..#.# #.#.##.#
# .##.# #.#.##.#####.#
.##.###+###.#.##.......#
.##.##......#.##.......#
.##.##......#.##.†.....#
.##.##......#.##@......#
..#'###'###....')......#
........# ###.##.......#
).......# #.#........#
#.......# #.#...$.....
#.......# #...........
#.......# ###.........
.......... #.........
.........< #+##...


There were no monsters in sight!

Vanquished Creatures
  3 adders
  An ooze (D:1)
  4 dart slugs
  A leopard gecko (D:2)
  5 bats
  4 giant cockroaches
  6 goblins
  6 hobgoblins
  4 jackals (D:1)
  7 kobolds
  4 frilled lizards
  8 rats
53 creatures vanquished.

Notes
Turn   | Place    | Note
-------+----------+-------------------------------------------
     0 | D:1      | Arixos the Demonspawn Fighter began the quest for the Orb.
     0 | D:1      | Reached XP level 1. HP: 18/18 MP: 1/1
    87 | D:1      | Gained mutation: You have a pair of small antennae on your
                  | head. [demonic ancestry]
    87 | D:1      | Reached XP level 2. HP: 19/24 MP: 2/2
   370 | D:1      | Reached skill level 1 in Dodging
   370 | D:1      | Reached XP level 3. HP: 24/29 MP: 3/3
  1095 | D:2      | Gained mutation: You have a somewhat thin skeletal
                  | structure. (Dex +2, Stealth) [demonic ancestry]
  1095 | D:2      | Reached XP level 4. HP: 22/35 MP: 4/4
  2001 | D:3      | Quit the game

Levels and vault maps discovered:
D:1:      scummos_arrival_forest, layout_loops_corners
D:2:      layout_basic, serial_glass, glass_columns_b, glass_columns_b,
          glass_columns_b, glass_columns_b, glass_columns_a, glass_columns_c,
          glass_columns_a, glass_columns_c, glass_columns_a, glass_columns_c,
          first_ration
D:3:      layout_basic

Skill      XL: |  1  2 |
---------------+-------+-----
Axes           | 2 |  2.2
Armour         | 3 |  3.2
Dodging        | 1 |  1.4
Shields        | 3 |  3.2
Fighting       | |  3.6

Action                   |  1- 3 |  4- 6 || total
-------------------------+-------+-------++-------
Melee: War axe           |    88 |    69 ||   157
  Eat: Chunk             |     1 |     3 ||     4
Armor: Scale mail        |    32 |    48 ||    80
Dodge: Dodged            |    23 |    30 ||    53
Block: Shield            |    46 |    39 ||    85

Table legend:
 A = Non-vault XP
 B = Vault XP
 C = Vault XP percentage of total XP
 D = Non-vault monster count
 E = Vault monster count
 F = Vault count percentage of total count
                 A         B        C        D         E       F
            +---------+---------+-------+---------+---------+-------
      Total |     137 |       0 |   0.0 |      53 |       0 |   0.0
            +---------+---------+-------+---------+---------+-------
        D:1 |      52 |       0 |   0.0 |      23 |       0 |   0.0
        D:2 |      66 |       0 |   0.0 |      25 |       0 |   0.0
        D:3 |      19 |       0 |   0.0 |       5 |       0 |   0.0
            +---------+---------+-------+---------+---------+-------
